[Event "Titled Tuesday Blitz January 10 Early 2023"]
[White "Harsh Suresh"]
[Black "Najdin, Danil"]
[WhiteFideId "45018464"]
[BlackFideId "4172426"]
[WhiteElo "2298"]
[BlackElo "2235"]
[Result "1-0"]
[Round "06"]
[TimeControl "180+2"]
[Date "2023.01.10"]
[WhiteClock "0:00:06"]
[BlackClock "0:00:04"]

1. e4 e5 2. Nf3 Nc6 3. Bb5 a6 4. Ba4 Nf6 5. O-O b5 6. Bb3 Bc5 7. c3 d6 8. d4 Bb6 9. a4 Rb8 10. a5 Ba7 11. Be3 Bg4 12. dxe5 Bxf3 13. Qxf3 Nxe5 14. Qe2 Bxe3 15. Qxe3 O-O 16. Nd2 Re8 17. Rfe1 Qd7 18. Nf3 Nxf3+ 19. Qxf3 Re7 20. Rad1 Qc6 21. Bd5 Qe8 22. Re3 c6 23. Ba2 Nxe4 24. Rde1 d5 25. Bb1 Rd8 26. Bxe4 dxe4 27. Qf4 g6 28. h4 f5 29. h5 Qf7 30. hxg6 hxg6 31. Rh3 Qf6 32. g4 Rh7 33. Rxh7 Kxh7 34. Kg2 Kg8 35. Rh1 Rf8 36. g5 Qe7 37. Qe3 f4 38. Qd4 Qg7 39. Qxe4 f3+ 40. Kg3 Qf7 41. Qe5 Qg7 42. Qe6+ Qf7 43. Qxf7+ Rxf7 44. Rd1 Rf5 45. Rd6 Rxg5+ 46. Kxf3 Rf5+ 47. Ke3 Re5+ 48. Kd4 Re2 49. Rxc6 Rxb2 50. Rxg6+ Kf7 51. Rxa6 Rxf2 52. Kc5 Rb2 53. Rb6 Ke7 54. Rxb5 Rc2 55. Kb6 Rxc3 56. a6 Kd7 57. a7 Ra3 58. Ra5 Rb3+ 59. Ka6 Kc7 60. a8=Q Rb6+ 61. Ka7 1-0


[Site "https://www.chess.com"]

[Event "Titled Tuesday Blitz January 10 Early 2023"]
[White "Jovic, Stanoje"]
[Black "Demchenko, Anton"]
[WhiteFideId "905020"]
[BlackFideId "4160258"]
[WhiteElo "2075"]
[BlackElo "2623"]
[Result "0-1"]
[Round "06"]
[TimeControl "180+2"]
[Date "2023.01.10"]
[WhiteClock "0:00:01"]
[BlackClock "0:00:35"]

1. c4 d6 2. g3 e5 3. Bg2 Be7 4. Nc3 f5 5. d3 Nf6 6. Nf3 O-O 7. O-O h6 8. Rb1 Be6 9. b4 a6 10. a4 Nbd7 11. a5 c6 12. Na4 Qe8 13. e3 Qh5 14. Bb2 Rae8 15. c5 f4 16. cxd6 Bxd6 17. Nc5 Bxc5 18. bxc5 Bg4 19. Qb3+ Kh8 20. Nxe5 Nxe5 21. Bxe5 Rxe5 22. exf4 Rxc5 23. Qxb7 Bh3 24. Qb4 Bxg2 25. Kxg2 Rd8 26. Qb6 Qd5+ 27. Kg1 Rxa5 28. Rfe1 Rb5 29. Qxa6 Qxd3 30. Rxb5 cxb5 31. Qb6 Rc8 32. h3 Kh7 33. Qe6 Rc2 34. g4 Qd2 35. Qf5+ Kh8 36. Rf1 Rc1 0-1


[Site "https://www.chess.com"]

[Event "Titled Tuesday Blitz January 10 Early 2023"]
[White "Eljanov, Pavel"]
[Black "Borges Feria, Yasel"]
[WhiteFideId "14102951"]
[BlackFideId "3504921"]
[WhiteElo "2705"]
[BlackElo "2439"]
[Result "1-0"]
[Round "06"]
[TimeControl "180+2"]
[Date "2023.01.10"]
[WhiteClock "0:00:06"]
[BlackClock "0:00:04"]

1. e4 e5 2. Nf3 Nc6 3. Nc3 Nf6 4. d4 exd4 5. Nxd4 Bb4 6. Nxc6 bxc6 7. Bd3 d5 8. exd5 cxd5 9. O-O O-O 10. h3 c6 11. Qf3 Re8 12. Bf4 Bd6 13. Rfe1 Rxe1+ 14. Rxe1 Bxf4 15. Qxf4 Be6 16. Na4 Qa5 17. c3 Rd8 18. Qd4 Nd7 19. b3 c5 20. Qh4 Nf6 21. Qf4 h6 22. Bf5 Bxf5 23. Qxf5 c4 24. Rd1 cxb3 25. axb3 Qb5 26. Qc2 Rb8 27. b4 a5 28. Rd4 axb4 29. cxb4 Ne4 30. f3 Nf6 31. Nc5 Ra8 32. Qb2 Rc8 33. Qd2 Ra8 34. Kh2 Ra1 35. Nd3 Ra8 36. Nf4 Rd8 37. h4 Qb8 38. Kh1 Qb5 39. Ne2 Qb8 40. Nc3 Qb7 41. Ne4 Nxe4 42. fxe4 Qe7 43. exd5 Qd6 44. b5 Ra8 45. Qc3 Rb8 46. Rc4 1-0


[Site "https://www.chess.com"]

[Event "Titled Tuesday Blitz January 10 Early 2023"]
[White "Svane, Rasmus"]
[Black "Goryachkina, Aleksandra"]
[WhiteFideId "4657101"]
[BlackFideId "4147103"]
[WhiteElo "2623"]
[BlackElo "2571"]
[Result "1-0"]
[Round "06"]
[TimeControl "180+2"]
[Date "2023.01.10"]
[WhiteClock "0:00:19"]
[BlackClock "0:00:01"]

1. Nf3 d5 2. g3 Bg4 3. Bg2 c6 4. h3 Bh5 5. O-O e6 6. d4 Nf6 7. c4 Nbd7 8. cxd5 exd5 9. Ne5 Ne4 10. Bxe4 dxe4 11. Nc3 f6 12. Nc4 Bg6 13. d5 Nb6 14. Nxb6 axb6 15. Qb3 Bc5 16. dxc6 bxc6 17. Qe6+ Kf8 18. Qxc6 Bf5 19. g4 Rc8 20. Qb7 Rb8 21. Qc6 Rc8 22. Qb7 Rb8 23. Qd5 Qxd5 24. Nxd5 Be6 25. Nc3 f5 26. Bf4 Rd8 27. Rfd1 Kf7 28. gxf5 Bxf5 29. Kg2 Bd4 30. Rac1 Rhe8 31. Nb5 Bxb2 32. Rc7+ Kg8 33. Rb1 Be5 34. Bxe5 Rxe5 35. e3 Rf8 36. Nd4 Bg6 37. Rxb6 Rg5+ 38. Kf1 Bf5 39. Nxf5 Rgxf5 40. Rb2 Ra8 41. Re7 Ra4 42. Rb8+ Rf8 43. Rbb7 1-0


[Site "https://www.chess.com"]

[Event "Titled Tuesday Blitz January 10 Early 2023"]
[White "Dvirnyy, Danyyil"]
[Black "Kosteniuk, Alexandra"]
[WhiteFideId "817570"]
[BlackFideId "4128125"]
[WhiteElo "2541"]
[BlackElo "2535"]
[Result "0-1"]
[Round "06"]
[TimeControl "180+2"]
[Date "2023.01.10"]
[WhiteClock "0:00:04"]
[BlackClock "0:00:05"]

1. e4 e5 2. Nf3 Nf6 3. Nc3 Nc6 4. Bb5 Nd4 5. O-O c6 6. Bc4 Nxf3+ 7. Qxf3 d6 8. h3 Be7 9. d3 h6 10. Bb3 g5 11. Qd1 g4 12. hxg4 Bxg4 13. f3 Qb6+ 14. d4 Qxd4+ 15. Qxd4 exd4 16. Ne2 Be6 17. Nxd4 Kd7 18. Bf4 Rag8 19. Rad1 Nh5 20. Nxe6 fxe6 21. Bxd6 Bxd6 22. e5 Nf4 23. Rxd6+ Ke7 24. Rd2 Rg5 25. Rfd1 Rxe5 26. g3 Nd5 27. f4 Re3 28. Kf2 Re4 29. c4 Nf6 30. Rd4 Rxd4 31. Rxd4 c5 32. Rd1 h5 33. Kf3 Rg8 34. Rg1 Rd8 35. Rd1 Rg8 36. Bc2 b6 37. Rd2 Rh8 38. Rh2 Kf7 39. Bd1 Rd8 40. Be2 Rd2 41. Rh1 Rxb2 42. a4 Rb3+ 43. Kg2 Kg6 44. Rd1 Rb2 45. Kf3 Rb3+ 46. Rd3 Rb4 47. Rd6 Kf7 48. Rc6 Ne8 49. Rc8 Rxa4 50. Rb8 Ra3+ 51. Kf2 Nd6 52. Bxh5+ Ke7 53. Bf3 Nxc4 54. g4 Ra2+ 55. Kg3 Ne3 56. g5 Nf5+ 57. Kh3 Ra1 58. Rb7+ Kd6 59. g6 Rg1 60. Bg2 Ne3 61. Be4 Nf5 62. Bxf5 exf5 63. g7 c4 64. Rxa7 b5 65. Rb7 Kc5 66. Kh2 Rg4 67. Rf7 Kd4 68. Rxf5 Rxg7 69. Rxb5 c3 70. Rb1 c2 71. Rc1 Kd3 72. Kh3 Kd2 73. Rxc2+ Kxc2 74. Kh4 Kd3 75. f5 Ke4 76. f6 Rg1 0-1


[Site "https://www.chess.com"]

[Event "Titled Tuesday Blitz January 10 Early 2023"]
[White "Begmuratov, Khumoyun"]
[Black "Dardha, Daniel"]
[WhiteFideId "14210207"]
[BlackFideId "240990"]
[WhiteElo "2387"]
[BlackElo "2631"]
[Result "1-0"]
[Round "06"]
[TimeControl "180+2"]
[Date "2023.01.10"]
[WhiteClock "0:00:11"]
[BlackClock "0:00:08"]

1. e4 e5 2. Nf3 Nc6 3. Nc3 Nf6 4. d4 exd4 5. Nxd4 Bb4 6. Nxc6 bxc6 7. Bd3 d5 8. exd5 O-O 9. O-O cxd5 10. h3 Rb8 11. Qf3 Be6 12. Ne2 Rb6 13. Bf4 Bd6 14. b3 c5 15. c3 h6 16. Rad1 Re8 17. Rfe1 Bf8 18. Ng3 Bc8 19. Bc2 Rxe1+ 20. Rxe1 Re6 21. Rd1 Re8 22. Qd3 g6 23. Qf3 Bg7 24. b4 cxb4 25. cxb4 Qb6 26. a3 Bb7 27. Qd3 Rc8 28. Bb3 Ba6 29. Qd2 Bc4 30. Bc2 Re8 31. Bxh6 Bh8 32. Be3 Qa6 33. a4 Qb7 34. Bd4 Bg7 35. b5 Re6 36. h4 Qe7 37. Qc3 Ng4 38. Bxg7 Qxh4 39. Bd3 Bxd3 40. Rxd3 Qe7 41. Rd1 f6 42. Bxf6 Rxf6 43. Qc8+ Qf8 44. Qxg4 Kh7 45. Qh4+ Kg7 46. Rxd5 Qe8 47. Rd1 Qe6 48. Qd4 Kg8 49. Ne4 Rf8 50. Ng5 Qe2 51. Qd5+ Kh8 52. Qd4+ Kg8 53. Nf3 Re8 54. Qd5+ Kf8 55. Re1 Qc2 56. Rxe8+ Kxe8 57. Qc6+ Qxc6 58. bxc6 Kd8 59. Ne5 Kc7 60. Nxg6 Kxc6 61. f4 Kc5 62. f5 Kb4 63. f6 Kxa4 64. f7 a5 65. f8=Q Kb3 66. Qc5 a4 67. Ne5 a3 68. Qc4+ Kb2 69. Nd3+ Ka1 70. Qc3+ Ka2 71. Nb4+ Kb1 72. Qc2+ 1-0


[Site "https://www.chess.com"]

[Event "Titled Tuesday Blitz January 10 Early 2023"]
[White "Molina, Roberto Junio Brito"]
[Black "Sadubayev, Airat"]
[WhiteFideId "2109450"]
[BlackFideId "13713264"]
[WhiteElo "2403"]
[BlackElo "2320"]
[Result "1-0"]
[Round "06"]
[TimeControl "180+2"]
[Date "2023.01.10"]
[WhiteClock "0:00:31"]
[BlackClock "0:00:04"]

1. d4 d5 2. c4 c6 3. Nf3 Nf6 4. Nc3 e6 5. Bg5 Nbd7 6. e3 Qa5 7. Nd2 dxc4 8. Bxf6 Nxf6 9. Nxc4 Qc7 10. Rc1 Bd6 11. Be2 e5 12. d5 Nxd5 13. Nxd5 cxd5 14. Qxd5 Bb4+ 15. Kf1 O-O 16. Qxe5 Qxe5 17. Nxe5 Be6 18. Bc4 Bxc4+ 19. Rxc4 Rfd8 20. g3 a5 21. a3 Bd6 22. Nf3 Rac8 23. Rxc8 Rxc8 24. Kg2 b5 25. Rd1 Bf8 26. Nd4 Rc5 27. Kf3 a4 28. Ke2 g6 29. Kd3 Rd5 30. Rd2 b4 31. axb4 Bxb4 32. Rc2 Be7 33. Rc7 Kf8 34. Ra7 Rh5 35. h4 Rd5 36. Rxa4 h5 37. b4 g5 38. Kc4 Rd8 39. hxg5 Bxg5 40. Ra5 Be7 41. Rxh5 Rc8+ 42. Kb3 Bf6 43. Rc5 Ra8 44. b5 Ra1 45. Rc2 Bd8 46. Rc8 Ke7 47. Nc6+ Kd7 48. Rxd8+ Kc7 49. Rd5 1-0


[Site "https://www.chess.com"]

[Event "Titled Tuesday Blitz January 10 Early 2023"]
[White "Lewtak, Damian"]
[Black "Ter-Sahakyan, Samvel"]
[WhiteFideId "1141724"]
[BlackFideId "13302531"]
[WhiteElo "2381"]
[BlackElo "2617"]
[Result "0-1"]
[Round "06"]
[TimeControl "180+2"]
[Date "2023.01.10"]
[WhiteClock "0:02:37"]
[BlackClock "0:02:32"]

1. e4 c5 2. Nf3 e6 3. d3 Nc6 4. Nbd2 g6 5. Be2 Bg7 6. O-O d5 7. exd5 exd5 8. Nb3 b6 9. Bg5 Nge7 10. c3 h6 11. Bf4 O-O 12. Qc1 g5 13. Bd2 Ng6 14. Re1 g4 15. Bxh6 gxf3 16. Bxf3 Nce5 17. Bxg7 Nxf3+ 18. gxf3 Kxg7 0-1


[Site "https://www.chess.com"]

[Event "Titled Tuesday Blitz January 10 Early 2023"]
[White "Indjic, Aleksandar"]
[Black "Volkov, Maksim"]
[WhiteFideId "911925"]
[BlackFideId "54123070"]
[WhiteElo "2618"]
[BlackElo "2258"]
[Result "1-0"]
[Round "06"]
[TimeControl "180+2"]
[Date "2023.01.10"]
[WhiteClock "0:01:32"]
[BlackClock "0:00:15"]

1. e3 e5 2. c4 Nc6 3. Nc3 d6 4. g3 g6 5. Bg2 Bg7 6. Nge2 f5 7. d3 Nf6 8. Rb1 O-O 9. b4 Rb8 10. f4 Be6 11. Nd5 Ne7 12. Nxf6+ Bxf6 13. O-O e4 14. Bb2 Bxb2 15. Rxb2 exd3 16. Qxd3 Qe8 17. Nd4 Bd7 18. c5 dxc5 19. bxc5 Qf7 20. Rxb7 Rxb7 21. Bxb7 c6 22. Ba6 Nd5 23. Bc4 Kg7 24. Qb3 Re8 25. Bxd5 cxd5 26. c6 Bc8 27. Rc1 Qe7 28. Kf2 g5 29. Qc3 Kg6 30. Nf3 gxf4 31. gxf4 Kh6 32. Rg1 Ba6 33. Rg3 Bb5 34. Rh3+ Kg6 35. Nh4+ Kf7 36. Nxf5 Qf6 37. Rxh7+ Ke6 38. Nd4+ Kd6 39. Rd7# 1-0


[Site "https://www.chess.com"]

[Event "Titled Tuesday Blitz January 10 Early 2023"]
[White "Makarian, Rudik"]
[Black "Korchmar, Vasiliy"]
[WhiteFideId "44105681"]
[BlackFideId "24131750"]
[WhiteElo "2545"]
[BlackElo "2438"]
[Result "1-0"]
[Round "06"]
[TimeControl "180+2"]
[Date "2023.01.10"]
[WhiteClock "0:00:35"]
[BlackClock "0:00:16"]

1. d4 Nf6 2. c4 c6 3. Bf4 d5 4. e3 e6 5. Nc3 Nbd7 6. Nf3 Be7 7. cxd5 exd5 8. Bd3 Nf8 9. h3 Ne6 10. Bg3 g6 11. O-O Ng7 12. Rb1 a5 13. a3 Bf5 14. b4 axb4 15. axb4 Bxd3 16. Qxd3 Nf5 17. Be5 b5 18. g4 Nd6 19. g5 Nfe4 20. Bxh8 Ra3 21. Rfc1 Qd7 22. Kg2 Qf5 23. Be5 Nc4 24. Ra1 Ncd2 25. Qe2 Rxa1 26. Rxa1 Nxf3 27. Qxf3 Qxg5+ 28. Kh2 Nxc3 29. Ra8+ Kd7 30. Qxf7 Ne2 31. Ra7+ Kc8 32. Qe8+ 1-0


[Site "https://www.chess.com"]

[Event "Titled Tuesday Blitz January 10 Early 2023"]
[White "Samadov, Read"]
[Black "Tologon tegin, Semetei"]
[WhiteFideId "13417444"]
[BlackFideId "13800574"]
[WhiteElo "2469"]
[BlackElo "2372"]
[Result "1-0"]
[Round "06"]
[TimeControl "180+2"]
[Date "2023.01.10"]
[WhiteClock "0:00:44"]
[BlackClock "0:00:23"]

1. d4 Nf6 2. c4 e6 3. Nf3 Bb4+ 4. Nbd2 b6 5. a3 Bxd2+ 6. Bxd2 Bb7 7. e3 O-O 8. Bd3 Ne4 9. O-O d6 10. Be1 Nd7 11. Nd2 Nxd2 12. Qxd2 f5 13. f3 Qe7 14. Bg3 e5 15. d5 a5 16. b4 g6 17. f4 e4 18. Bc2 axb4 19. axb4 b5 20. cxb5 Nb6 21. Bb3 Qf6 22. Rac1 Ra3 23. Rxc7 Rxb3 24. Rxb7 Nc4 25. Qa2 Qc3 26. Rc7 Qxe3+ 27. Bf2 Qd3 28. Qa7 Qc3 29. Bd4 1-0


[Site "https://www.chess.com"]

[Event "Titled Tuesday Blitz January 10 Early 2023"]
[White "Khumalo, Keith"]
[Black "Shipov, Sergei"]
[WhiteFideId "14319470"]
[BlackFideId "4113624"]
[WhiteElo "2099"]
[BlackElo "2541"]
[Result "0-1"]
[Round "06"]
[TimeControl "180+2"]
[Date "2023.01.10"]
[WhiteClock "0:01:03"]
[BlackClock "0:00:41"]

1. d4 d5 2. Nf3 e6 3. g3 b5 4. Bg2 Bb7 5. O-O Nf6 6. Nc3 a6 7. Ne5 c5 8. e4 dxe4 9. dxc5 Qxd1 10. Rxd1 Bxc5 11. Bg5 Be7 12. Bxf6 gxf6 13. Ng4 f5 14. Ne3 Nd7 15. a4 b4 16. Ne2 Ne5 17. Nd4 h5 18. h4 Rc8 19. Bf1 Kf8 20. Nb3 Nf3+ 21. Kh1 f4 22. Nc4 fxg3 23. fxg3 Rg8 24. Rd7 Rxg3 25. Bg2 Bc6 26. Rdd1 Nxh4 27. Rd2 Nxg2 0-1


[Site "https://www.chess.com"]

[Event "Titled Tuesday Blitz January 10 Early 2023"]
[White "Bartel, Mateusz"]
[Black "Djokovic, Nebojsa"]
[WhiteFideId "1112635"]
[BlackFideId "938300"]
[WhiteElo "2609"]
[BlackElo "2119"]
[Result "1-0"]
[Round "06"]
[TimeControl "180+2"]
[Date "2023.01.10"]
[WhiteClock "0:00:58"]
[BlackClock "0:00:03"]

1. e3 e6 2. b3 Nf6 3. Bb2 d5 4. f4 Bd6 5. Nf3 c5 6. Bb5+ Nc6 7. Bxc6+ bxc6 8. Nc3 O-O 9. Na4 a5 10. d3 Qe7 11. Ne5 Bb7 12. O-O Ne8 13. c4 f6 14. Nf3 Nc7 15. Qd2 e5 16. fxe5 fxe5 17. e4 d4 18. Rf2 Ne6 19. g3 Rf7 20. Raf1 Bc7 21. Bc1 Raf8 22. Nh4 g6 23. Rxf7 Rxf7 24. Rxf7 Qxf7 25. Qf2 Bc8 26. Ba3 Qe7 27. Nf3 Bd6 28. Bc1 Bd7 29. Bh6 Nd8 30. Ng5 Nf7 31. Nxf7 Qxf7 32. Qxf7+ Kxf7 33. Bd2 Bg4 34. Kf2 Bd1 35. Bxa5 Bc2 36. Ke2 Be7 37. Bb6 Bb1 38. Bxc5 Bg5 39. b4 Bxa2 40. b5 cxb5 41. cxb5 Be6 42. b6 Bg4+ 43. Kf2 Bc8 44. Bd6 Ke6 45. Bc7 Be7 46. Nb2 Ba6 47. Nc4 Bc5 48. Ke2 Bb7 49. Bxe5 Bxb6 50. Nxb6 Kxe5 51. Nc4+ Ke6 52. Na5 Ba8 53. Nb3 Ke5 54. Na5 g5 55. Kf3 h5 56. h3 Kd6 57. h4 gxh4 58. gxh4 Ke6 59. Kf4 Kd6 60. Kf5 Kc5 61. Nb3+ Kb4 62. Nxd4 Kc3 63. Nf3 Kxd3 64. Ng5 Ke3 65. e5 Kf2 66. Kf4 Bd5 67. e6 Kg2 68. e7 Bc6 69. Ne4 Kh3 70. Kg5 Be8 71. Nf6 Bf7 72. Nxh5 Be8 73. Ng7 Bf7 74. h5 Kg3 75. h6 Kf3 76. h7 Bg8 77. hxg8=Q 1-0


[Site "https://www.chess.com"]

[Event "Titled Tuesday Blitz January 10 Early 2023"]
[White "Mihajlov, Sebastian"]
[Black "Weetik, Vjacheslav"]
[WhiteFideId "1512110"]
[BlackFideId "4153472"]
[WhiteElo "2373"]
[BlackElo "2423"]
[Result "1-0"]
[Round "06"]
[TimeControl "180+2"]
[Date "2023.01.10"]
[WhiteClock "0:00:21"]
[BlackClock "0:00:02"]

1. e4 c6 2. d4 d5 3. exd5 cxd5 4. Bd3 Nc6 5. c3 Nf6 6. Bf4 Bg4 7. Qb3 Qc8 8. Nd2 e6 9. Ngf3 Be7 10. O-O Bh5 11. Rfe1 O-O 12. h3 Bg6 13. Bxg6 hxg6 14. Qd1 b5 15. Rc1 Nd7 16. Qe2 Qb7 17. h4 Rfe8 18. Ng5 b4 19. Ndf3 Bf8 20. c4 dxc4 21. Rxc4 Rac8 22. Rec1 Nb6 23. R4c2 Nd5 24. Bd2 f6 25. Ne4 Na5 26. Rxc8 Rxc8 27. Nc5 Bxc5 28. Qxe6+ Kh7 29. dxc5 Qc6 30. Qe4 Re8 31. Qd3 Nb7 32. h5 f5 33. Ng5+ Kg8 34. hxg6 Rd8 35. Qxf5 Nf6 36. Bxb4 Rd5 37. Qe6+ Qxe6 38. Nxe6 1-0


[Site "https://www.chess.com"]

[Event "Titled Tuesday Blitz January 10 Early 2023"]
[White "Seemann, Jakub"]
[Black "Cherniaiev, Tykhon"]
[WhiteFideId "21874697"]
[BlackFideId "14182360"]
[WhiteElo "2446"]
[BlackElo "2330"]
[Result "0-1"]
[Round "06"]
[TimeControl "180+2"]
[Date "2023.01.10"]
[WhiteClock "0:00:04"]
[BlackClock "0:00:11"]

1. d4 Nf6 2. c4 e6 3. Nf3 d5 4. g3 dxc4 5. Bg2 c5 6. O-O Nc6 7. Na3 cxd4 8. Nxc4 Be7 9. a3 a5 10. Nfe5 Nxe5 11. Nxe5 O-O 12. b3 Nd7 13. Nc4 Nc5 14. Bb2 a4 15. bxa4 Rxa4 16. Rc1 d3 17. exd3 Qxd3 18. Ne5 Qxd1 19. Rfxd1 b6 20. Nc4 Ra6 21. Bf1 Bb7 22. Nd6 Ra7 23. Nc4 Na4 24. Bd4 Bd5 25. Ra1 Rb7 26. Rdb1 Rfb8 27. Ne3 Be4 28. Rb3 Nc5 29. Rb2 Bf6 30. Bxf6 gxf6 31. Rc1 Rd8 32. Nc4 Na4 33. Rb4 Ra7 34. Nxb6 Nxb6 35. Rxb6 Rxa3 36. h4 Bf3 37. Re1 Ra2 38. Rb4 Rad2 39. Rf4 Bc6 40. Re3 Rd1 41. Rxf6 Bb5 42. Kg2 Bxf1+ 43. Kh2 Bc4 44. Rf4 Bd5 45. f3 Rb8 46. Kh3 f5 47. h5 Rb2 48. Kh4 h6 49. g4 Rg1 50. Kh3 fxg4+ 51. Rxg4+ Rxg4 52. fxg4 Kg7 53. Kg3 Kf6 54. Kf4 Rb4+ 55. Kg3 Re4 56. Ra3 Kg5 57. Ra7 Rxg4+ 58. Kf2 Kxh5 59. Rf7 Rg5 60. Ke3 Re5+ 61. Kd4 Rf5 62. Rg7 Rg5 63. Rf7 Kg4 64. Rf1 h5 65. Ke3 Re5+ 66. Kd2 h4 67. Rg1+ Kh5 68. Rg8 Rg5 69. Rh8+ Kg4 70. Ke1 Kg3 71. Kf1 h3 72. Kg1 Rg4 73. Rh7 Bf3 74. Rh8 Re4 75. Rg8+ Bg4 0-1


[Site "https://www.chess.com"]

[Event "Titled Tuesday Blitz January 10 Early 2023"]
[White "Lymar, Vladislav"]
[Black "Karthik Rajaa"]
[WhiteFideId "14162180"]
[BlackFideId "25035215"]
[WhiteElo "2119"]
[BlackElo "2276"]
[Result "0-1"]
[Round "06"]
[TimeControl "180+2"]
[Date "2023.01.10"]
[WhiteClock "0:00:06"]
[BlackClock "0:00:51"]

1. e4 c6 2. d4 d5 3. e5 c5 4. dxc5 e6 5. a3 Bxc5 6. Nf3 Ne7 7. Bd3 Nbc6 8. O-O Ng6 9. b4 Bb6 10. Bxg6 hxg6 11. Nc3 a6 12. Re1 Bd7 13. Bg5 Qc7 14. Qd2 Rc8 15. Nd1 Ne7 16. Bxe7 Kxe7 17. Rc1 Rh5 18. Ne3 Qc3 19. Qd1 Bc6 20. Ng4 d4 21. Nd2 Bxg2 22. Kxg2 Qh3+ 23. Kg1 Rg5 24. f3 d3+ 25. Kh1 Rh8 26. Nf1 d2 27. Qxd2 Qxf3+ 28. Qg2 Rxg4 29. Qxf3 Rg1# 0-1


[Site "https://www.chess.com"]

[Event "Titled Tuesday Blitz January 10 Early 2023"]
[White "Torres Dominguez, David"]
[Black "Maksimovic, Bojan"]
[WhiteFideId "2220857"]
[BlackFideId "14408120"]
[WhiteElo "1994"]
[BlackElo "2486"]
[Result "1/2-1/2"]
[Round "06"]
[TimeControl "180+2"]
[Date "2023.01.10"]
[WhiteClock "0:00:08"]
[BlackClock "0:00:05"]

1. e4 g6 2. Nc3 Bg7 3. f4 c6 4. Nf3 d5 5. d3 Bg4 6. Be2 e6 7. O-O Nd7 8. Qe1 Ne7 9. Bd2 Qb6+ 10. Kh1 Bxf3 11. Bxf3 O-O 12. b3 a5 13. a4 Qc7 14. Rd1 Rad8 15. Ne2 b6 16. Bc3 Bxc3 17. Qxc3 Nc5 18. exd5 Nxd5 19. Bxd5 Rxd5 20. Qf6 Qd8 21. Qxd8 Rfxd8 22. Nc3 R5d7 23. Rde1 Na6 24. Ne4 Kg7 25. Ng5 Nb4 26. Rf2 h6 27. Nf3 Nd5 28. Ne5 Rc7 29. g3 b5 30. axb5 cxb5 31. Ra1 Ra8 32. Kg2 Nc3 33. Kf3 a4 34. bxa4 bxa4 35. Nc4 Kf6 36. Ke3 Rd8 37. Rff1 Nd5+ 38. Kf3 Nb4 39. Rfc1 Ra8 40. Ra3 Ke7 41. Ke2 Ra6 42. c3 Nd5 43. Rca1 Ra8 44. Kd2 Rd8 45. Rxa4 g5 46. Ra7 Rdd7 47. Rxc7 Rxc7 48. fxg5 hxg5 49. h4 gxh4 50. gxh4 f5 51. Rh1 Kf6 52. h5 Rh7 53. h6 Nf4 54. Ke3 Nd5+ 55. Kd4 Ne7 56. Nd6 Ng8 57. c4 Rxh6 58. Rxh6+ Nxh6 59. c5 Ke7 60. Nc4 Ng4 61. Ne5 Nf6 62. Ke3 Nd5+ 63. Kf3 Kf6 64. d4 Ke7 65. Nc6+ Kd7 66. Ne5+ Ke7 67. Nc6+ Kf6 68. Ne5 Nc3 69. Ke3 Nb5 70. Nd3 Ke7 71. Kf4 Nxd4 72. Ne5 Nb5 73. Kg5 Nc7 74. Ng6+ Kf7 75. Nh4 Nd5 76. Nxf5 exf5 77. Kxf5 Ke7 78. Ke5 Nc7 79. Kd4 Ke6 80. c6 Kd6 81. Kd3 Kxc6 1/2-1/2


[Site "https://www.chess.com"]

[Event "Titled Tuesday Blitz January 10 Early 2023"]
[White "Gurevich, Dmitry"]
[Black "Bluebaum, Matthias"]
[WhiteFideId "2000407"]
[BlackFideId "24651516"]
[WhiteElo "2393"]
[BlackElo "2669"]
[Result "0-1"]
[Round "06"]
[TimeControl "180+2"]
[Date "2023.01.10"]
[WhiteClock "0:00:23"]
[BlackClock "0:02:04"]

1. d4 d5 2. c4 e6 3. Nc3 Bb4 4. a3 Bxc3+ 5. bxc3 Nf6 6. e3 c6 7. Bd3 e5 8. cxd5 e4 9. Bb1 cxd5 10. Ne2 O-O 11. O-O b6 12. a4 Ba6 13. Ba3 Re8 14. Re1 Nc6 15. Ba2 Na5 16. Bb4 Nc4 17. Ng3 Qd7 18. f3 Nb2 19. Qd2 Nd3 20. Reb1 Rac8 21. a5 h5 22. axb6 axb6 23. Bxd5 Nxd5 24. Rxa6 N3xb4 25. cxb4 exf3 26. e4 h4 27. exd5 hxg3 28. hxg3 Re2 29. Qg5 Rxg2+ 30. Kh1 Qh3# 0-1


[Site "https://www.chess.com"]

[Event "Titled Tuesday Blitz January 10 Early 2023"]
[White "Mohamed Anees M"]
[Black "Jobava, Baadur"]
[WhiteFideId "35065815"]
[BlackFideId "13601520"]
[WhiteElo "2315"]
[BlackElo "2578"]
[Result "0-1"]
[Round "06"]
[TimeControl "180+2"]
[Date "2023.01.10"]
[WhiteClock "0:00:19"]
[BlackClock "0:01:33"]

1. e4 d6 2. d4 Nf6 3. Nc3 e5 4. Nf3 Nbd7 5. Bc4 Be7 6. Bb3 O-O 7. O-O h6 8. h3 Re8 9. a4 a5 10. Re1 Bf8 11. dxe5 dxe5 12. Be3 c6 13. Qe2 Nc5 14. Bc4 Qc7 15. Rad1 Be6 16. Bxe6 Nxe6 17. Qc4 Rad8 18. Qb3 Bb4 19. Qc4 Nd7 20. Rf1 Nf6 21. Ne2 Bf8 22. Ng3 g6 23. Ne2 h5 24. Ng5 Nxg5 25. Bxg5 Be7 26. Nc3 Qb6 27. Be3 Qb4 28. Qb3 Qxb3 29. cxb3 Rxd1 30. Rxd1 Rd8 31. Rxd8+ Bxd8 32. f3 Nd7 33. Kf2 h4 34. Ke2 f5 35. exf5 gxf5 36. Bf2 Kf7 37. Nd1 Ke6 38. Ne3 b5 39. Kd2 Nc5 40. axb5 cxb5 41. Kc2 Na6 42. Be1 Bg5 43. Nd1 Nb4+ 44. Bxb4 axb4 45. Kd3 Kd5 46. Nf2 Be7 47. Nd1 Bc5 48. Kd2 e4 49. fxe4+ Kxe4 50. Ke2 Kf4 51. Kf1 Kg3 0-1


[Site "https://www.chess.com"]

[Event "Titled Tuesday Blitz January 10 Early 2023"]
[White "Royal, Shreyas"]
[Black "Martinez Alcantara, Jose Eduardo"]
[WhiteFideId "448869"]
[BlackFideId "3805662"]
[WhiteElo "2438"]
[BlackElo "2619"]
[Result "1-0"]
[Round "06"]
[TimeControl "180+2"]
[Date "2023.01.10"]
[WhiteClock "0:00:22"]
[BlackClock "0:00:15"]

1. e4 c5 2. Nf3 Nc6 3. Bb5 e6 4. O-O Nge7 5. Re1 a6 6. Bf1 b6 7. d4 cxd4 8. Nxd4 Bb7 9. c4 Ng6 10. Nc3 Bc5 11. Be3 O-O 12. Rb1 Rc8 13. Nxc6 Bxc6 14. Bxc5 bxc5 15. Qd6 Qg5 16. g3 Qe5 17. Red1 Qxd6 18. Rxd6 Rb8 19. f4 f6 20. b3 Rfe8 21. Rbd1 Kf8 22. Bh3 Rbc8 23. Kf2 Ke7 24. Ke3 h5 25. R6d2 Rh8 26. Rd6 h4 27. g4 Rc7 28. f5 Ne5 29. fxe6 dxe6 30. g5 Bd7 31. Rxa6 fxg5 32. Rxd7+ Nxd7 33. Rxe6+ Kf8 34. Rd6 Nf6 35. Rd8+ Ne8 36. Nd5 Ra7 37. a4 Kf7 38. Rc8 Rh6 39. Rxc5 Rha6 40. Bc8 Rh6 41. a5 Nd6 42. Bg4 Rh8 43. e5 Re8 44. Kd4 Nb7 45. Rc7+ Kg6 46. a6 Na5 47. Rxa7 Nc6+ 48. Kc5 Nxa7 49. Kb6 Rxe5 50. Kxa7 Re4 51. Kb7 Rxg4 52. a7 Rg2 53. a8=Q Rxh2 54. Qe8+ Kh6 55. Ne7 1-0


[Site "https://www.chess.com"]

[Event "Titled Tuesday Blitz January 10 Early 2023"]
[White "Le, Tuan Minh"]
[Black "Fiorito, Joaquin"]
[WhiteFideId "12401153"]
[BlackFideId "180173"]
[WhiteElo "2542"]
[BlackElo "2405"]
[Result "1-0"]
[Round "06"]
[TimeControl "180+2"]
[Date "2023.01.10"]
[WhiteClock "0:00:40"]
[BlackClock "0:00:06"]

1. d4 Nf6 2. Nf3 d5 3. Bf4 c5 4. c3 Nc6 5. e3 Qb6 6. Qc2 g6 7. Nbd2 Bf5 8. dxc5 Qxc5 9. Qb3 Qb6 10. Be2 Bg7 11. O-O O-O 12. Rfd1 Qxb3 13. axb3 Nh5 14. Bg5 h6 15. Bh4 g5 16. Bg3 Nxg3 17. hxg3 Rfd8 18. b4 e5 19. b5 Ne7 20. Ra3 b6 21. Rda1 Nc8 22. Ra4 Rb8 23. g4 Be6 24. Nf1 Rb7 25. Ng3 Rc7 26. Nf5 Bxf5 27. gxf5 e4 28. Nd4 Bxd4 29. Rxd4 Ne7 30. Rad1 Nxf5 31. Rxd5 Rxd5 32. Rxd5 Ng7 33. g4 Ne6 34. Kf1 Kg7 35. Ke1 Nc5 36. Kd2 Kf6 37. b4 Ne6 38. c4 Ke7 39. Kc3 Kf6 40. Rf5+ Kg6 41. Re5 Kf6 42. Rxe4 h5 43. gxh5 Kg7 44. Re5 Kf6 45. Rd5 Ng7 46. Bg4 Ke7 47. Rxg5 Kf6 48. Rd5 Ne6 49. f4 Rc8 50. Bxe6 fxe6 51. Rd7 Rh8 52. Rxa7 Rxh5 53. Rb7 Rh3 54. Kd3 Rh1 55. Rxb6 Rd1+ 1-0


[Site "https://www.chess.com"]